 Dungeon Crawl Stone Soup version 0.20.0-8-g6b59dc7 (webtiles) character file.

829 JarielCorvus the Skirmisher (level 7, -12/66 HPs)
             Began as a Minotaur Berserker on June 2, 2017.
             Was a Priest of Trog.
             Killed from afar by a gargoyle (17 damage)
             ... with a stone arrow
             ... on level 5 of the Dungeon.
             The game lasted 00:12:10 (3435 turns).

JarielCorvus the Skirmisher (Minotaur Berserker)    Turns: 3435, Time: 00:12:11

Health: -12/66     AC:  6    Str: 24    XL:     7   Next: 65%
Magic:  6/6        EV: 12    Int:  4    God:    Trog [***...]
Gold:   263        SH:  0    Dex:  9    Spells: 6/6 levels left

rFire    . . .     SeeInvis .   a - +1 hand axe
rCold    + . .     Gourm    .   (no shield)
rNeg     . . .     Faith    .   i - +0 ring mail
rPois    .         Spirit   .   (helmet restricted)
rElec    .         Reflect  .   (no cloak)
rCorr    .         Harm     .   (no gloves)
MR       .....                  (no boots)
Stlth    ..........             (no amulet)
Regen    0.3/turn               (no ring)
MPRegen  0.1/turn               (no ring)

@: no status effects
A: retaliatory headbutt, horns 2, cold resistance 1, MP-powered wands
a: Berserk, Trog's Hand, Burn Spellbooks, Renounce Religion


You were on level 5 of the Dungeon.
You worshipped Trog.
Trog was most pleased with you.
You were not hungry.

You visited 1 branch of the dungeon, and saw 5 of its levels.

You collected 263 gold pieces.

Inventory:

Hand Weapons
 a - a +1 hand axe (weapon)
Armour
 b - a +0 animal skin
 d - a +1 helmet
 i - a +0 ring mail (worn)
Jewellery
 g - a +2 amulet of reflection {unknown}
 l - an uncursed ring of wizardry {unknown}
Wands
 q - a wand of random effects (40/48)
Scrolls
 e - 3 scrolls of remove curse
 f - 7 scrolls of identify
 h - 3 scrolls of teleportation
 o - 2 scrolls of enchant weapon
 p - a scroll of fear
Potions
 m - a potion of heal wounds
Comestibles
 c - 6 bread rations
 j - 2 royal jellies
 k - 2 meat rations
 n - a fruit


   Skills:
 * Level 7.6 Fighting
 + Level 5.7 Axes
 + Level 5.2 Armour
 + Level 4.5 Dodging


You had 6 spell levels left.
You didn't know any spells.

Dungeon Overview and Level Annotations

Branches:
Dungeon (5/15)             Temple (0/1) D:4

Altars:
Cheibriados
Dithmenos
Gozag
Kikubaaqudgha
Makhleb
Nemelex Xobeh
Qazlal
Xom
Yredelemnul
Zin
The Shining One


Innate Abilities, Weirdness & Mutations

You reflexively headbutt those who attack you in melee.
You have a pair of horns on your head.
Your flesh is cold resistant. (rC+)
You expend magic power (3 MP) to strengthen your wands.


Message History

The centaur skeleton hits you.
You slash the centaur skeleton!
You destroy the centaur skeleton!
Trog accepts your kill.
You open the door.
A gargoyle comes into view. It is wielding a morningstar.
The gargoyle barely misses you.
There is an open door here.
The gargoyle hits you with a morningstar!
You hit the gargoyle.
The gargoyle is lightly damaged.
The gargoyle hits you with a morningstar!
You hit the gargoyle but do no damage.
The gargoyle hits you with a morningstar.
The gargoyle hurls a stone arrow at you.
The stone arrow hits you!
* * * LOW HITPOINT WARNING * * *
The gargoyle hurls a stone arrow at you.
The stone arrow hits you!
You die...

#.........#####...#####
######.#### #...# #.#
#...# #.# #...#
.######'## #...#
#........###########
#......9.##......#
.........##......#
.......@.##......#
.........##......#######
..#####.###......##.....
.. #.# #......##.####
#.# #......##.#
#+###...)).##.#
#....)...[.....####
#........)..#<.....
#...........#######


You could see a gargoyle.

Vanquished Creatures
  Eustachio (D:4)
  Purgy (D:4)
  A sky beast (D:5)
  A water moccasin skeleton (D:4)
  A howler monkey (D:3)
  3 centaur skeletons
  2 orc priests (D:5)
  An orc wizard (D:3)
  4 worker ants (D:4)
  Robin (D:3)
  3 adders
  A worm (D:3)
  2 dart slugs
  A leopard gecko (D:4)
  14 orcs
  A ball python (D:3)
  A giant cockroach (D:2)
  20 goblins
  12 hobgoblins
  8 jackals
  2 quokkas
  6 bats
  4 frilled lizards
  8 kobolds
  8 rats
107 creatures vanquished.

Notes
Turn   | Place    | Note
-------+----------+-------------------------------------------
     0 | D:1      | JarielCorvus the Minotaur Berserker began the quest for the Orb.
     0 | D:1      | Reached XP level 1. HP: 19/19 MP: 0/0
   129 | D:1      | HP: 1/20 [kobold/dagger (3)]
   130 | D:1      | Reached skill level 4 in Fighting
   130 | D:1      | Reached XP level 2. HP: 2/27 MP: 1/1
   875 | D:2      | Reached XP level 3. HP: 34/34 MP: 2/2
  1301 | D:2      | Gained mutation: You expend magic power (3 MP) to strengthen your wands. [potion of mutation]
  1301 | D:2      | Gained mutation: Your flesh is cold resistant. (rC+) [potion of mutation]
  1453 | D:3      | Reached ** piety under Trog
  1453 | D:3      | Reached skill level 5 in Fighting
  1453 | D:3      | Reached XP level 4. HP: 29/42 MP: 3/3
  1787 | D:3      | Reached XP level 5. HP: 48/48 MP: 4/4
  2085 | D:3      | Noticed Robin
  2093 | D:3      | Killed Robin
  2350 | D:4      | Found a staircase to the Ecumenical Temple.
  2350 | D:4      | Noticed Purgy
  2368 | D:4      | Killed Purgy
  2368 | D:4      | Reached skill level 6 in Fighting
  2368 | D:4      | Reached XP level 6. HP: 20/57 MP: 5/5
  2662 | D:4      | Found a sparkling altar of Nemelex Xobeh.
  2689 | D:4      | Reached skill level 5 in Axes
  2696 | D:4      | Found a shimmering altar of Xom.
  2710 | D:4      | Found a shimmering altar of Xom.
  2710 | D:4      | Found a shimmering altar of Xom.
  2710 | D:4      | Found a shimmering altar of Xom.
  2711 | D:4      | Found a shimmering altar of Xom.
  2714 | D:4      | Reached *** piety under Trog
  2730 | D:4      | Found a shimmering altar of Xom.
  2751 | D:4      | Noticed Eustachio
  2762 | D:4      | Killed Eustachio
  2762 | D:4      | Reached XP level 7. HP: 53/64 MP: 6/6
  2783 | D:4      | Found a burning altar of Makhleb.
  2783 | D:4      | Found a glowing silver altar of Zin.
  2784 | D:4      | Noticed an angel
  2784 | D:4      | Noticed a green death
  2795 | D:4      | Reached skill level 7 in Fighting
  2911 | D:4      | Found a glowing golden altar of the Shining One.
  2911 | D:4      | Found a stormy altar of Qazlal.
  2917 | D:4      | Found a basalt altar of Yredelemnul.
  2917 | D:4      | Found a snail-covered altar of Cheibriados.
  2919 | D:4      | Found an opulent altar of Gozag.
  2919 | D:4      | Found an ancient bone altar of Kikubaaqudgha.
  2920 | D:4      | Found a shadowy altar of Dithmenos.
  3063 | D:5      | Entered Level 5 of the Dungeon
  3077 | D:5      | Reached skill level 5 in Armour
  3428 | D:5      | Noticed a gargoyle
  3435 | D:5      | Killed from afar by a gargoyle

Skill      XL: |  1  2  3  4  5  6  7 |
---------------+----------------------+-----
Fighting       | 4 5 6 7 |  7.6
Axes           | 4 5 |  5.7
Armour         | 3 4 5 |  5.2
Dodging        | 3 4 |  4.5

Action                   |  1- 3 |  4- 6 |  7- 9 || total
-------------------------+-------+-------+-------++-------
Melee: Hand axe          |    91 |   104 |    31 ||   226
       Headbutt          |    16 |    16 |     5 ||    37
Invok: Berserk           |       |     1 |     1 ||     2
  Use: Scroll            |     6 |     2 |       ||     8
       Potion            |     1 |     1 |     1 ||     3
  Eat: Chunk             |     2 |     1 |       ||     3
       Bread ration      |       |     1 |     1 ||     2
Armor: Animal skin       |     4 |       |       ||     4
       Ring mail         |    28 |    60 |     8 ||    96
Dodge: Dodged            |    45 |   106 |    14 ||   165
